AoeStats
← Ragekablak

Arena

509589851Analyzed
2v2 RM · 6d ago on Sep 27, 2026· 17m 0s· 4 players
Game mode
Random Map
Map size
Medium (4 player)
Population
200
Speed
Normal
Resources
Standard
Victory
Conquest
Starting age
Dark Age
Ending age
Imperial Age
RankedLock teamsTeams togetherTeam positionsShared explorationLock speedFull tech treeHidden civsTurbo modeCheats
Victory
Defeat
🇹🇷 Byzantines · Türkiye
716
+11
🇹🇷 Turks · Türkiye
716
+11
🇫🇷 Berbers · France
663
-13
🇮🇳 Hindustanis · India
554
-9
bmo
Ragekablak
DarkCloud
9:45 Feudal Age
10:32 Double-Bit Axe
10:28 Horse Collar
10:48 Stone Mining
10:57 Loom
13:39 Wheelbarrow
15:19 Town Watch
16:19 Man-at-Arms
YouSuff18
10:58 Feudal Age
9:14 Loom
12:14 Wheelbarrow
11:28 Double-Bit Axe
11:25 Horse Collar
Connection lost

Rejoining the realm…

Still unreachable

The connection could not be restored.

Session expired

The server has moved on; the page needs a fresh start.